Map: Acropolis LE

Players

AMERICA

  • Race: Protoss Protoss
  • League: Master
  • Spawn Location: 5:00

zuka - Winner!

  • Race: Protoss Protoss
  • League: Master
  • Spawn Location: 11:00

VOD

Have the link to the VOD?

Description

Time

  • Played on: June 25, 2019, 4:15 p.m.
  • Length: 6:13
Show
View Real Time Build Order
Export as new Build Order

AMERICA Protoss 

Build Orders:  

Get SALT Encoding   

  12  0:01  Probe  
  13  0:13  Probe  
  14  0:19  Pylon  
  14  0:26  Probe  
  15  0:38  Probe  
  15  0:40  Forge  
  16  0:56  Pylon  
  16  1:00  Pylon  
  16  1:07  Pylon  
  16  1:15  Photon Cannon  
  16  1:17  Gateway  
  16  1:28  Photon Cannon  
  16  1:33  Assimilator  
  16  1:40  Probe  
  16  1:46  Assimilator  
  17  1:52  Probe  
  18  2:01  Probe  
  18  2:06  Cybernetics Core  
  19  2:09  Probe  
  20  2:17  Zealot  
  20  2:18  Probe  
  23  2:30  Probe  
  24  2:43  Stalker  
  24  2:51  Shield Battery  
  26  3:10  Stalker  
  28  3:20  Shield Battery  
  28  3:33  Stalker  
  29  4:00  Shield Battery  
  29  4:03  Stalker  
  29  4:05  Shield Battery  
  29  4:06  Shield Battery  
  22  4:51  Pylon  
Show
View Real Time Build Order
Export as new Build Order

zuka Protoss - Winner!

Build Orders:  

Get SALT Encoding   

  12  0:01  Probe  
  13  0:13  Probe  
  14  0:17  Pylon  
  14  0:21  Probe  
  15  0:31  Probe  
  16  0:37  Gateway  
  16  0:41  Probe  
  16  0:46  Assimilator  
  17  0:53  Probe  
  17  0:56  Assimilator  
  18  1:06  Probe  
  19  1:18  Probe  
  20  1:28  Cybernetics Core  
  20  1:30  Probe  
  21  1:43  Pylon  
  23  1:56  Pylon  
  23  2:05  Robotics Facility  
  23  2:07  Robotics Facility  
  21  2:09  Probe  
  22  2:18  Pylon  
  22  2:48  Immortal, Warp Prism  
  25  3:15  Immortal  
  26  3:37  Immortal  
Tags
 
Matchup
PvP
Spawn Locations
Cross Positions
Add a new tag
Caveats
  • Supply blocks, unpowered buildings, or Contaminate may cause inaccurate times.
  • Supply counts are checked every 10 seconds.